Map: Blueshift LE

Players

Yocto

  • Race: Zerg Zerg
  • Spawn Location: 7:00

ACID - Winner!

  • Race: Terran Terran
  • League: Gold
  • Spawn Location: 1:00

VOD

Have the link to the VOD?

Description

Time

  • Played on: Dec. 18, 2018, 9:59 a.m.
  • Length: 5:43
Show
View Real Time Build Order
Export as new Build Order

Yocto Zerg 

Build Orders: 1 Base Baneling Bust, Pool Only, Zergling Baneling 

Get SALT Encoding   

  12  0:21  Spawning Pool  
  11  0:28  Drone  
  11  0:30  Drone  
  11  0:31  Drone  
  14  0:40  Overlord  
  14  1:08  Zergling x4  
  16  1:13  Zergling x2  
  16  1:14  Queen  
  19  1:20  Extractor  
  19  1:24  Zergling x2  
  19  1:37  Zergling x2  
  20  1:44  Overlord  
  20  1:56  Zergling x2  
  21  2:10  Zergling x2  
  19  2:21  Zergling x2  
  20  2:29  Zergling x6  
  23  2:32  Metabolic Boost  
  23  2:38  Zergling x2  
  24  2:52  Zergling x2  
  24  2:57  Baneling Nest  
  24  3:03  Zergling x8  
  28  3:11  Overlord  
  28  3:21  Zergling x2  
  28  3:33  Zergling x2  
  27  3:41  Zergling x2  
  27  3:53  Baneling x5  
  26  3:55  Baneling  
  26  3:58  Zergling x2  
  25  4:16  Zergling x2  
  25  4:17  Zergling x4  
  25  4:30  Zergling x2  
  24  4:35  Zergling x6  
  26  4:41  Baneling x3  
  25  4:48  Zergling x2  
  21  5:07  Zergling x2  
  21  5:08  Zergling x4  
  22  5:21  Zergling x2  
Show
View Real Time Build Order
Export as new Build Order

ACID Terran - Winner!

Build Orders: Reaper Expand 

Get SALT Encoding   

  12  0:02  SCV  
  13  0:14  SCV  
  13  0:19  Supply Depot  
  14  0:27  SCV  
  15  0:40  SCV  
  16  0:43  Barracks  
  16  0:50  Refinery  
  16  0:53  SCV  
  17  1:08  SCV  
  18  1:20  SCV  
  19  1:32  SCV  
  19  1:35  Command Center  
  20  1:45  SCV  
  21  1:48  Engineering Bay  
  21  1:53  Barracks Tech Lab  
  21  1:57  Refinery, SCV  
  18  2:16  Supply Depot  
  17  2:46  Reaper  
  18  4:02  Bunker  
  18  4:30  Marine  
  19  4:47  SCV  
  20  5:04  Marine  
  19  5:13  Supply Depot  
  14  5:34  Supply Depot  
Tags
 
Add a new tag
Caveats
  • Supply blocks, unpowered buildings, or Contaminate may cause inaccurate times.
  • Supply counts are checked every 10 seconds.